 Dungeon Crawl Stone Soup version 0.31-a0-187-gba352fbbf7 (webtiles) character file.

Game seed: 11590118859501981399

108 qw the Skirmisher (level 4, 0/25 HPs)
             Began as a Deep Elf Hunter on June 22, 2023.
             Slain by an ufetubus (1 damage)
             ... on level 4 of the Dungeon.
             The game lasted 00:00:43 (2152 turns).

qw the Skirmisher (Deep Elf Hunter)                 Turns: 2152, Time: 00:00:44

Health: 0/25       AC:  6    Str: 10    XL:     4   Next: 58%
Magic:  0/6        EV:  9    Int: 14    God:
Gold:   37         SH:  0    Dex: 18    Spells: 3/3 levels left

rFire   . . .        Y - +0 shortbow
rCold   . . .        (shield currently unavailable)
rNeg    . . .        h - +0 scale mail
rPois   .            (no helmet)
rElec   +            (no cloak)
rCorr   .            (no gloves)
SInv    .            (no boots)
Will    +....        e - amulet of guardian spirit
Stlth   +            g - ring of willpower
HPRegen 0.24/turn    (no ring)
MPRegen 0.10/turn

%: guardian spirit
@: no status effects
A: electricity resistance
a: no special abilities


You were on level 4 of the Dungeon.
You visited 1 branch of the dungeon, and saw 4 of its levels.

You collected 143 gold pieces.
You spent 106 gold pieces at shops.


Innate Abilities, Weirdness & Mutations

You are resistant to electric shocks. (rElec)


   Skills:
 - Level 1.5 Fighting
 + Level 8.0 Ranged Weapons
 - Level 2.4 Dodging
 - Level 1.2 Stealth


You had 3 spell levels left.
You didn't know any spells.
Your spell library was empty.

Inventory:

Hand Weapons
 Y - a +0 shortbow (weapon)
Armour
 h - a +0 scale mail (worn)
 i - a +0 ring mail
Jewellery
 d - a ring of fire
 e - an amulet of guardian spirit (around neck)
 g - a ring of willpower (left hand)
Scrolls
 a - a scroll of identify
Potions
 b - a potion of lignification {unknown}
 c - a potion of curing {unknown}
 j - a potion of mutation

Dungeon Overview and Level Annotations

Branches:
Dungeon (4/15)
 Temple: D:4-7

Altars:

Shops:
D:1 *   D:4 !

Annotations:
D:4 2 transporters, qw's ghost, amateur GrFi


Message History

The hound bites you.
You shoot an arrow. The arrow hits the hound.
The hound is moderately wounded.
The ufetubus closely misses you.
The ufetubus hits you but does no damage.
The hound barely misses you. The ufetubus barely misses you.
The ufetubus hits you. The hound bites you.
You shoot an arrow.
The arrow hits the hound but does no damage.
The hound is moderately wounded.
The ufetubus hits you but does no damage. x2
The hound misses you. The ufetubus closely misses you.
The ufetubus barely misses you. The hound bites you.
You shoot an arrow.
The arrow hits the hound but does no damage.
The hound is moderately wounded.
The ufetubus barely misses you. The ufetubus misses you.
The hound closely misses you.
The ufetubus hits you but does no damage. x2
The hound bites you.
You shoot an arrow. The arrow hits the hound.
The hound is heavily wounded.
The ufetubus hits you but does no damage. x2
The hound stops to sniff the ground.
The hound bites you but does no damage.
The ufetubus hits you but does no damage.
The ufetubus barely misses you. The hound closely misses you.
You shoot an arrow.
The arrow hits the hound but does no damage.
The hound is heavily wounded.
The ufetubus hits you. x2; The hound bites you but does no damage.
The ufetubus hits you but does no damage. x2
The hound closely misses you.
You shoot an arrow. The arrow misses the hound.
The ufetubus hits you but does no damage. x2
The hound bites you. The ufetubus closely misses you.
The ufetubus barely misses you.
You shoot an arrow. The arrow barely misses the hound.
The hound bites you but does no damage. The ufetubus hits you.
You die...

#.###.#........##
##.#.##..##.###.# #
#.#####.###..##.# #.############
#............##.###.............
#######.####.###...#############
#># ##.####.## #.###...###.# #
#.##<....##.##### #
#.##.....@h.....# #
..........5.##...#########
#....)....### .........
###.......# ..####### .........#
........ ........### .#######
.###.#### # #. # #


You could see a hound and an ufetubus.

Vanquished Creatures
  A jelly (D:4)
  3 adders
  2 dart slugs (D:4)
  2 orcs
  3 ball pythons
  4 bats
  3 giant cockroaches
  3 goblins
  8 hobgoblins
  6 jackals (D:1)
  A quokka (D:2)
  3 kobolds
  4 rats
43 creatures vanquished.

Notes
Turn   | Place    | Note
-------+----------+-------------------------------------------
     0 | D:1      | qw the Deep Elf Hunter began the quest for the Orb.
     0 | D:1      | Reached XP level 1. HP: 12/12 MP: 3/3
     0 | D:1      | 0 ||| qw: Version: 0.3-a-9-g12657ce
     0 | D:1      | 0 ||| qw: Game counter: 2027
     0 | D:1      | 0 ||| qw: Always use a shield: true
     0 | D:1      | 0 ||| qw: God list: Okawaru
     0 | D:1      | 0 ||| qw: Allow faded altars: false
     0 | D:1      | 0 ||| qw: Do Orc after D:15 true
     0 | D:1      | 0 ||| qw: Do second Lair branch before Depths: true
     0 | D:1      | 0 ||| qw: Lair rune preference: random
     0 | D:1      | 0 ||| qw: Plans: Normal
     0 | D:1      | 0 ||| PLANNING D:1-11
    54 | D:1      | Found Tucomni's Assorted Antiques.
   164 | D:1      | 164 ||| BUYING 2 coppery potions (36 gold).
   164 | D:1      | Bought 2 coppery potions for 36 gold pieces
   164 | D:1      | 164 ||| SHOPLISTING 2 emerald potions (36 gold, have 12).
   164 | D:1      | 164 ||| SHOPLISTING lumpy purple potion (18 gold, have 12).
   164 | D:1      | 164 ||| SHOPLISTING purple potion (18 gold, have 12).
   164 | D:1      | 164 ||| SHOPLISTING scroll labelled FUGUD BUIZIBYC (20
                  | gold, have 12).
   164 | D:1      | 164 ||| SHOPLISTING scroll labelled IHE ICYOXKAN (20 gold,
                  | have 12).
   164 | D:1      | 164 ||| SHOPLISTING viscous amethyst potion (18 gold, have
                  | 12).
   264 | D:1      | Reached skill level 6 in Ranged Weapons
   264 | D:1      | Reached XP level 2. HP: 15/16 MP: 4/4
   548 | D:1      | 548 ||| UPGRADING to +0 scale mail.
   558 | D:1      | 558 ||| DROPPING +0 leather armour.
   559 | D:1      | 559 ||| UPGRADING to amulet of guardian spirit.
   564 | D:1      | 564 ||| DROPPING amulet of magic regeneration.
   565 | D:1      | 565 ||| UPGRADING to ring of willpower.
   566 | D:1      | 566 ||| READING 2 scrolls labelled FUGUD BUIZIBYC.
   567 | D:1      | 567 ||| READING scroll labelled VYNASH VEADOE.
   568 | D:1      | 568 ||| DRINKING 2 coppery potions.
   568 | D:1      | Gained mutation: You are resistant to electric shocks.
                  | (rElec) [potion of mutation]
   569 | D:1      | 569 ||| DROPPING scroll of butterflies.
   764 | D:2      | Reached XP level 3. HP: 20/20 MP: 5/5
  1235 | D:2      | 1235 ||| DROPPING scarf of harm.
  1236 | D:2      | 1236 ||| READING scroll labelled MYKOVE AXKOCI.
  1237 | D:2      | 1237 ||| READING scroll labelled HAORGH JACON.
  1238 | D:2      | 1238 ||| READING 2 scrolls labelled ZAWAGG LAUSUPRI.
  1239 | D:2      | 1239 ||| READING 3 scrolls of identify.
  1239 | D:2      | 1239 ||| IDENTIFYING emerald potion
  1240 | D:2      | 1240 ||| READING 2 scrolls of identify.
  1240 | D:2      | 1240 ||| IDENTIFYING viscous amethyst potion
  1241 | D:2      | 1241 ||| DROPPING potion of brilliance.
  1242 | D:2      | 1242 ||| DROPPING potion of degeneration.
  1243 | D:2      | 1243 ||| DROPPING scroll of fog.
  1363 | D:3      | Reached skill level 7 in Ranged Weapons
  1889 | D:4      | Reached XP level 4. HP: 21/25 MP: 4/6
  1889 | D:4      | 1889 ||| STAIRDANCE
  1956 | D:4      | Found Luzut's Distillery.
  1961 | D:4      | 1961 ||| SHOPLISTING potion of cancellation (112 gold, have
                  | 89).
  1961 | D:4      | 1961 ||| BUYING potion of heal wounds (70 gold).
  1961 | D:4      | Bought a potion of heal wounds for 70 gold pieces
  1961 | D:4      | 1961 ||| SHOPLISTING potion of heal wounds (70 gold, have
                  | 19).
  1961 | D:4      | 1961 ||| SHOPLISTING potion of might (56 gold, have 19).
  1977 | D:4      | Found a transporter.
  1980 | D:4      | Noticed qw's ghost (amateur GrFi)
  1981 | D:4      | Identified the +3 dire flail "Hellblazer" {heavy, rC++}
  1981 | D:4      | Noticed an ogre
  1988 | D:4      | Found a transporter.
  2037 | D:4      | Reached skill level 8 in Ranged Weapons
  2141 | D:4      | HP: 5/25 [ufetubus (4)]
  2142 | D:4      | 2142 ||| DRINKING potion of heal wounds.
  2148 | D:4      | HP: 6/25 [hound (2)]
  2151 | D:4      | HP: 1/25 [hound (3)]
  2152 | D:4      | Slain by an ufetubus

Levels and vault maps discovered:
D:1:      minmay_arrival_radiant_lines, layout_loops_ring, serial_shops,
          nicolae_shop_waterfront
D:2:      layout_loops_ring
D:3:      layout_loops_cross, nicolae_concentric_dashed_squares_wild
D:4:      layout_loops_ring, gammafunk_ghost_smash, serial_shops, shop, shop

Skill      XL: |  1  2  3  4 |
---------------+-------------+-----
Ranged Weapons | 6 7 8 |  8.0
Fighting       | |  1.5
Dodging        | |  2.4
Stealth        | |  1.2

Action                     |  1- 3 |  4- 6 || total
---------------------------+-------+-------++-------
   Fire: Shortbow          |   100 |    30 ||   130
    Use: Scroll            |     7 |       ||     7
         Potion            |     1 |     1 ||     2
 Armour: Leather armour    |    10 |       ||    10
         Scale mail        |     9 |    35 ||    44
  Dodge: Dodged            |    18 |    41 ||    59

Table legend:
 A = Non-vault XP
 B = Vault XP
 C = Vault XP percentage of total XP
 D = Non-vault monster count
 E = Vault monster count
 F = Vault count percentage of total count
                 A         B        C        D         E       F
            +---------+---------+-------+---------+---------+-------
      Total |     155 |       0 |   0.0 |      43 |       0 |   0.0
            +---------+---------+-------+---------+---------+-------
        D:1 |      25 |       0 |   0.0 |      13 |       0 |   0.0
        D:2 |      32 |       0 |   0.0 |      13 |       0 |   0.0
        D:3 |      30 |       0 |   0.0 |      11 |       0 |   0.0
        D:4 |      68 |       0 |   0.0 |       6 |       0 |   0.0
            +---------+---------+-------+---------+---------+-------
